 Dungeon Crawl Stone Soup version 0.22.0-60-ga52c2fcf6e (webtiles) character file.

6196 JedernureinKreuz the Destroyer (level 10, -2/75 HPs)
             Began as a Gnoll Conjurer on Sept 9, 2018.
             Was a Priest of Sif Muna.
             Slain by a six-headed hydra (6 damage)
             ... on level 1 of the Lair of Beasts.
             The game lasted 00:51:39 (9195 turns).

JedernureinKreuz the Destroyer (Gnoll Conjurer)     Turns: 9195, Time: 00:51:41

Health: -2/75      AC:  7    Str: 11    XL:     10   Next: 91%
Magic:  21/21      EV: 21    Int: 20    God:    Sif Muna [***...]
Gold:   543        SH:  9    Dex: 16    Spells: 7/24 levels left

rFire    . . .     SeeInvis .   I - +2 mace (protect)
rCold    . . .     Gourm    .   y - +3 buckler
rNeg     . . .     Faith    .   s - +0 troll leather armour
rPois    .         Spirit   .   (no helmet)
rElec    .         Reflect  .   l - +0 cloak
rCorr    .         Harm     .   o - +0 pair of gloves
MR       .....                  (no boots)
Stlth    +++.......             (no amulet)
HPRegen  0.62/turn              m - +5 ring of evasion
MPRegen  0.17/turn              (no ring)

@: berserk cooldown, slowed, very slow
A: distributed training, fangs 1, strong nose
a: Divine Energy, Channel Magic, Renounce Religion


You were on level 1 of the Lair of Beasts.
You worshipped Sif Muna.
Sif Muna was most pleased with you.
You were not hungry.

You visited 2 branches of the dungeon, and saw 9 of its levels.

You collected 543 gold pieces.

Inventory:

Hand Weapons
 a - a +0 short sword
 b - a +0 hunting sling
 e - a +0 dagger
 r - a +0 antimagic hand axe
 C - a +1 short sword of protection
 I - a +2 mace of protection (weapon)
 L - a +2 quarterstaff of chaos
Missiles
 k - 127 arrows
 q - 192 stones
 z - 68 poisoned needles
 A - 6 tomahawks (quivered)
 D - 32 sling bullets
 E - 21 bolts
Armour
 g - a +0 robe
 l - a +0 cloak (worn)
 o - a +0 pair of gloves (worn)
 s - a +0 troll leather armour (worn)
 y - a +3 buckler (worn)
 M - a +0 cloak
Jewellery
 m - a +5 ring of evasion (left hand)
 w - an uncursed ring of resist corrosion {unknown}
 O - an uncursed ring of fire
Wands
 n - a wand of disintegration (9)
 J - a wand of scattershot (5)
 K - a wand of enslavement (19)
 N - a wand of random effects (51)
 Q - a wand of digging (13)
Scrolls
 d - a scroll of enchant weapon
 h - 3 scrolls of immolation
 i - 4 scrolls of magic mapping
 t - 4 scrolls of remove curse
 x - 4 scrolls of teleportation
 H - a scroll of blinking
Potions
 f - 3 potions of curing
 p - a potion of ambrosia
 u - 2 potions of haste
 B - 2 potions of agility
 F - a potion of resistance
 G - a potion of flight
 P - a potion of lignification {unknown}
Comestibles
 c - 11 rations


   Skills:
 + Level 5.6 Fighting
 + Level 5.6 Short Blades
 + Level 5.6 Long Blades
 + Level 5.6 Axes
 + Level 5.6 Maces & Flails
 + Level 5.6 Polearms
 + Level 5.6 Staves
 + Level 5.6 Slings
 + Level 5.6 Bows
 + Level 5.6 Crossbows
 + Level 5.6 Throwing
 + Level 5.6 Armour
 + Level 7.3 Dodging
 + Level 7.1 Stealth
 + Level 5.6 Shields
 + Level 5.6 Unarmed Combat
 + Level 7.6 Spellcasting
 + Level 8.6 Conjurations
 + Level 4.6 Hexes
 + Level 4.6 Charms
 + Level 4.6 Summonings
 + Level 4.6 Necromancy
 + Level 4.6 Translocations
 + Level 4.6 Transmutations
 + Level 4.6 Fire Magic
 + Level 4.6 Ice Magic
 + Level 4.6 Air Magic
 + Level 4.6 Earth Magic
 + Level 4.6 Poison Magic
 + Level 6.2 Invocations
 + Level 5.6 Evocations


You had 7 spell levels left.
You knew the following spells:

 Your Spells              Type           Power        Failure   Level  Hunger
a - Magic Dart            Conj           ####         1%          1    None
b - Iskenderun's Mystic   Conj           #####...     3%          4    ###....
c - Dazzling Spray        Conj/Hex       ####..       2%          3    None
d - Regeneration          Chrm/Necr      ####......   4%          3    None
e - Vampiric Draining     Necr           ####......   4%          3    None
f - Sandblast             Erth           ####..       1%          1    None
g - Passwall              Tmut/Erth      ####....     2%          2    None

Your spell library contained the following spells:

 Spells                   Type           Power        Failure   Level  Hunger
 Animate Skeleton         Necr           N/A          1%          1    None
 Pain                     Necr           ####         1%          1    None
 Searing Ray              Conj           #####.       1%          2    None
 Stone Arrow              Conj/Erth      ####..       2%          3    None
 Force Lance              Conj/Tloc      ####....     8%          4    ###....
 Fulminant Prism          Conj/Hex       ####......   8%          4    ###....
 Animate Dead             Necr           N/A          17%         4    ###....
 Petrify                  Tmut/Erth      ####....     17%         4    ###....
 Lee's Rapid Deconstruct  Erth           ####......   43%         5    #####..


Dungeon Overview and Level Annotations

Branches:
Dungeon (8/15)             Temple (0/1) D:6            Lair (1/6) D:8

Altars:
Elyvilon
Kikubaaqudgha
Ru
Sif Muna
Vehumet
Zin

Shops:
D:7 %


Innate Abilities, Weirdness & Mutations

Your experience applies equally to all skills.
You have very sharp teeth.
Your uncanny sense of smell can sniff out nearby items.


Message History

The six-headed hydra bites you!
* * * LOW HITPOINT WARNING * * *
The six-headed hydra misses you.
You see here 6 stones.
You feel much better. The six-headed hydra barely misses you.
The six-headed hydra bites you!
You block the six-headed hydra's attack.
The six-headed hydra completely misses you.
You block the six-headed hydra's attack.
The six-headed hydra bites you!
* * * LOW HITPOINT WARNING * * *
The porcupine bites you but does no damage.
The porcupine bites you!
* * * LOW HITPOINT WARNING * * *
You block the porcupine's attack. x2; The six-headed hydra barely misses you.
The six-headed hydra bites you.
* * * LOW HITPOINT WARNING * * *
You block the six-headed hydra's attack.
The six-headed hydra barely misses you. The six-headed hydra bites you.
You die...

..........................#
..........................#
..........%...............#
...........!..............##
.................#P...##..P#
....####.###.....#......#.##
...## ##.###....r#........P#
...##.....#....rD+......#.##
................@#......+.#
...#......#.............#.#
...##.....#......#......#.#
...# .....##.....#...###..#
...####.## #.............>##
...#.#######...............#
..[.......................P#
..........................##
...........................#


You could see a six-headed hydra and 2 porcupines.

Vanquished Creatures
  A black mamba (Lair:1)
  3 spiny frogs (Lair:1)
  A troll (D:7)
  Grinder (D:6)
  2 hippogriffs (Lair:1)
  Sigmund (D:4)
  Menkaure (D:6)
  2 water moccasins
  2 ice beasts (D:6)
  2 orc warriors (D:8)
  2 black bears
  2 sky beasts
  A phantom (D:7)
  An eye of draining (D:8)
  3 centaurs
  7 ogres
  3 crocodiles
  7 bullfrogs
  A scorpion (D:4)
  4 killer bees (D:6)
  7 howler monkeys
  A bullfrog zombie (D:5)
  A bullfrog skeleton (D:4)
  A jelly (D:7)
  3 orc priests
  Crazy Yiuf (D:6)
  3 hounds
  A centaur skeleton (D:6)
  2 orc wizards
  2 iguanas
  4 worker ants
  2 killer bee zombies
  A hound zombie (D:6)
  A hound skeleton (D:5)
  A worker ant zombie (D:7)
  6 gnolls
  7 adders
  A shadow imp (D:5)
  3 oozes
  4 worms
  A leopard gecko (D:3)
  13 orcs
  7 giant cockroaches
  10 goblins
  9 hobgoblins
  7 jackals
  3 quokkas
  2 ball pythons
  7 bats
  A frilled lizard (D:1)
  A jackal skeleton (D:4)
  10 kobolds
  12 rats
182 creatures vanquished.

Vanquished Creatures (others)
  A jackal (D:6)
  A quokka (D:6)
  A plant (D:8)
  A withered plant (D:7)
4 creatures vanquished.

Grand Total: 186 creatures vanquished

Notes
Turn   | Place    | Note
-------+----------+-------------------------------------------
     0 | D:1      | JedernureinKreuz the Gnoll Conjurer began the quest for the
                  | Orb.
     0 | D:1      | Reached XP level 1. HP: 13/13 MP: 6/6
    88 | D:1      | Reached XP level 2. HP: 6/19 MP: 0/7
   727 | D:1      | Reached XP level 3. HP: 25/25 MP: 6/9
   796 | D:1      | Reached skill level 5 in Spellcasting
  1168 | D:2      | Reached skill level 1 in Invocations
  1398 | D:2      | Reached skill level 1 in Fighting
  1398 | D:2      | Reached skill level 1 in Short Blades
  1398 | D:2      | Reached skill level 1 in Long Blades
  1398 | D:2      | Reached skill level 1 in Axes
  1398 | D:2      | Reached skill level 1 in Maces & Flails
  1398 | D:2      | Reached skill level 1 in Polearms
  1398 | D:2      | Reached skill level 1 in Staves
  1398 | D:2      | Reached skill level 1 in Slings
  1398 | D:2      | Reached skill level 1 in Bows
  1398 | D:2      | Reached skill level 1 in Crossbows
  1398 | D:2      | Reached skill level 1 in Throwing
  1398 | D:2      | Reached skill level 1 in Armour
  1398 | D:2      | Reached skill level 1 in Shields
  1398 | D:2      | Reached skill level 1 in Unarmed Combat
  1398 | D:2      | Reached skill level 1 in Evocations
  1723 | D:3      | Reached XP level 4. HP: 32/32 MP: 4/11
  2031 | D:3      | Reached skill level 1 in Hexes
  2031 | D:3      | Reached skill level 1 in Charms
  2031 | D:3      | Reached skill level 1 in Summonings
  2031 | D:3      | Reached skill level 1 in Necromancy
  2031 | D:3      | Reached skill level 1 in Translocations
  2031 | D:3      | Reached skill level 1 in Transmutations
  2031 | D:3      | Reached skill level 1 in Fire Magic
  2031 | D:3      | Reached skill level 1 in Ice Magic
  2031 | D:3      | Reached skill level 1 in Air Magic
  2031 | D:3      | Reached skill level 1 in Earth Magic
  2031 | D:3      | Reached skill level 1 in Poison Magic
  2267 | D:3      | Reached XP level 5. HP: 34/37 MP: 9/12
  2334 | D:3      | Found a deep blue altar of Sif Muna.
  2349 | D:3      | Became a worshipper of Sif Muna the Loreminder
  2397 | D:3      | Noticed an ogre
  2412 | D:3      | Killed an ogre
  2412 | D:3      | Reached XP level 6. HP: 29/44 MP: 1/13
  2951 | D:3      | Learned a level 4 spell: Iskenderun's Mystic Blast
  2955 | D:3      | Learned a level 3 spell: Dazzling Spray
  2966 | D:4      | Noticed Sigmund
  2977 | D:4      | Killed Sigmund
  2977 | D:4      | Reached skill level 5 in Dodging
  2977 | D:4      | Reached XP level 7. HP: 50/50 MP: 2/15
  3587 | D:4      | Reached * piety under Sif Muna
  4177 | D:5      | Entered Level 5 of the Dungeon
  4278 | D:5      | Reached skill level 5 in Stealth
  4358 | D:5      | Reached XP level 8. HP: 46/57 MP: 11/16
  4793 | D:5      | Found a radiant altar of Vehumet.
  5048 | D:5      | Learned a level 3 spell: Regeneration
  5052 | D:5      | Learned a level 3 spell: Vampiric Draining
  5471 | D:6      | Reached XP level 9. HP: 65/65 MP: 13/18
  5511 | D:6      | Found a runed door.
  5569 | D:6      | Found a staircase to the Ecumenical Temple.
  5725 | D:6      | Reached ** piety under Sif Muna
  5745 | D:6      | Found a white marble altar of Elyvilon.
  6298 | D:6      | Noticed Grinder
  6299 | D:6      | Paralysed by Grinder for 7 turns
  6309 | D:6      | Paralysed by Grinder for 3 turns
  6315 | D:6      | Noticed Menkaure
  6323 | D:6      | Paralysed by Grinder for 2 turns
  6326 | D:6      | Killed Grinder
  6326 | D:6      | Reached skill level 8 in Conjurations
  6343 | D:6      | Killed Menkaure
  6575 | D:6      | Noticed Crazy Yiuf
  6581 | D:6      | Killed Crazy Yiuf
  6662 | D:7      | Found a glowing silver altar of Zin.
  6720 | D:7      | Found a sacrificial altar of Ru.
  6839 | D:7      | Reached skill level 5 in Invocations
  7050 | D:7      | Found Ubill's Food Emporium.
  7054 | D:7      | Noticed a troll
  7071 | D:7      | Killed a troll
  7071 | D:7      | Reached XP level 10. HP: 42/73 MP: 10/20
  7250 | D:7      | Found an ancient bone altar of Kikubaaqudgha.
  8010 | D:8      | Reached skill level 5 in Fighting
  8010 | D:8      | Reached skill level 5 in Short Blades
  8010 | D:8      | Reached skill level 5 in Long Blades
  8010 | D:8      | Reached skill level 5 in Axes
  8010 | D:8      | Reached skill level 5 in Maces & Flails
  8010 | D:8      | Reached skill level 5 in Polearms
  8010 | D:8      | Reached skill level 5 in Staves
  8010 | D:8      | Reached skill level 5 in Slings
  8010 | D:8      | Reached skill level 5 in Bows
  8010 | D:8      | Reached skill level 5 in Crossbows
  8010 | D:8      | Reached skill level 5 in Throwing
  8010 | D:8      | Reached skill level 5 in Armour
  8010 | D:8      | Reached skill level 5 in Shields
  8010 | D:8      | Reached skill level 5 in Unarmed Combat
  8010 | D:8      | Reached skill level 5 in Evocations
  8252 | D:8      | Found a staircase to the Lair.
  8276 | Lair:1   | Entered Level 1 of the Lair of Beasts
  8361 | Lair:1   | Noticed a spiny frog
  8366 | Lair:1   | Noticed a spiny frog
  8419 | Lair:1   | Killed a spiny frog
  8464 | Lair:1   | HP: 1/74 [spiny frog (18)]
  8471 | Lair:1   | Killed a spiny frog
  8471 | Lair:1   | Reached *** piety under Sif Muna
  8681 | Lair:1   | Learned a level 1 spell: Sandblast
  8684 | Lair:1   | Learned a level 2 spell: Passwall
  8721 | Lair:1   | Noticed a spiny frog
  8753 | Lair:1   | Killed a spiny frog
  8963 | Lair:1   | Noticed a black mamba
  8989 | Lair:1   | Killed a black mamba
  9085 | Lair:1   | Noticed a six-headed hydra
  9195 | Lair:1   | Slain by a six-headed hydra

Skill      XL: |  1  2  3  4  5  6  7  8  9 10 |
---------------+-------------------------------+-----
Spellcasting   | 5 6 7 |  7.6
Invocations    | 1 2 3 4 5 6 |  6.2
Fighting       | 1 2 3 4 5 |  5.6
Short Blades   | 1 2 3 4 5 |  5.6
Long Blades    | 1 2 3 4 5 |  5.6
Axes           | 1 2 3 4 5 |  5.6
Maces & Flails | 1 2 3 4 5 |  5.6
Polearms       | 1 2 3 4 5 |  5.6
Staves         | 1 2 3 4 5 |  5.6
Slings         | 1 2 3 4 5 |  5.6
Bows           | 1 2 3 4 5 |  5.6
Crossbows      | 1 2 3 4 5 |  5.6
Throwing       | 1 2 3 4 5 |  5.6
Armour         | 1 2 3 4 5 |  5.6
Shields        | 1 2 3 4 5 |  5.6
Unarmed Combat | 1 2 3 4 5 |  5.6
Evocations     | 1 2 3 4 5 |  5.6
Hexes          | 1 2 3 4 |  4.6
Charms         | 1 2 3 4 |  4.6
Summonings     | 1 2 3 4 |  4.6
Necromancy     | 1 2 3 4 |  4.6
Translocations | 1 2 3 4 |  4.6
Transmutations | 1 2 3 4 |  4.6
Fire Magic     | 1 2 3 4 |  4.6
Ice Magic      | 1 2 3 4 |  4.6
Air Magic      | 1 2 3 4 |  4.6
Earth Magic    | 1 2 3 4 |  4.6
Poison Magic   | 1 2 3 4 |  4.6
Dodging        | 5 6 7 |  7.3
Stealth        | 5 6 7 |  7.1
Conjurations   | 8 |  8.6

Action                   |  1- 3 |  4- 6 |  7- 9 | 10-12 || total
-------------------------+-------+-------+-------+-------++-------
Melee: Dagger            |    22 |       |       |       ||    22
       Bite              |     3 |     5 |    11 |    38 ||    57
       Short sword       |     9 |    47 |   166 |   239 ||   461
       Punch             |     1 |       |       |       ||     1
       Mace              |       |       |       |    35 ||    35
Throw: Tomahawk          |       |     9 |     5 |       ||    14
       Stone             |       |     3 |       |       ||     3
 Cast: Magic Dart        |    75 |    98 |   273 |   142 ||   588
       Dazzling Spray    |       |     4 |     5 |     4 ||    13
       Iskenderun's Myst |       |       |     9 |     8 ||    17
       Regeneration      |       |       |     4 |    10 ||    14
       Vampiric Draining |       |       |       |     3 ||     3
Evoke: Wand              |       |       |       |     2 ||     2
  Use: Scroll            |       |    11 |     9 |     7 ||    27
       Potion            |       |       |     2 |     7 ||     9
 Stab: Invisible         |       |     1 |     2 |       ||     3
       Sleeping          |       |       |       |     1 ||     1
  Eat: Chunk             |     2 |     4 |     9 |     1 ||    16
       Ration            |       |       |     2 |     2 ||     4
Armor: Robe              |     5 |     7 |    30 |       ||    42
       Troll leather arm |       |       |       |    44 ||    44
Dodge: Dodged            |    40 |    44 |   206 |   261 ||   551
Block: Buckler           |       |    12 |    85 |   150 ||   247
